 Dungeon Crawl Stone Soup version 0.26.1-2-gb8aa6d0cf2 (webtiles) character file.

Game seed: 1584823715826652379

55365 Allula97 the Severer (level 14, -5/76 HPs)
             Began as a Vine Stalker Berserker on Feb 20, 2021.
             Was the Champion of Trog.
             Slain by a dream sheep (27 damage)
             ... on level 6 of the Lair of Beasts.
             The game lasted 01:04:23 (14956 turns).

Allula97 the Severer (Vine Stalker Berserker)      Turns: 14956, Time: 01:04:23

Health: -5/76      AC: 29    Str: 24    XL:     14   Next: 77%
Magic:  0/15       EV: 14    Int: 15    God:    Trog [******]
Gold:   861        SH:  0    Dex: 21    Spells: 13/13 levels left

rFire    + . .     SeeInvis +   O - +6 battleaxe of Xapra {freeze, *Corrode +Fly Int+5 Dex+4}
rCold    + . .     Faith    .   (shield currently unavailable)
rNeg     + . .     Spirit   +   H - +3 chain mail of the Ditch-Digger {Harm Dex+2}
rPois    .         Reflect  +   x - +2 helmet
rElec    .         Harm     +   N - +2 cloak {rC+}
rCorr    .         Rampage  .   A - +4 pair of gloves of the Monk {rF+ Int+3}
Will     ++...                  B - +2 pair of boots
Stlth    +++.......             q - amulet of reflection
HPRegen  1.02/turn              t - ring of see invisible
MPRegen  0.14/turn              a - ring "Anozoam" {+Fly rN+}

@: sleeping
A: fangs 3, camouflage 1, strong-willed 1, regeneration 2, magic shield,
antimagic bite, no potion heal 3, sturdy frame 1
a: Renounce Religion, Evoke Flight, Berserk, Trog's Hand, Brothers in Arms


You were on level 6 of the Lair of Beasts.
You worshipped Trog.
Trog was exalted by your worship.
You visited 4 branches of the dungeon, and saw 18 of its levels.
You also visited: Ossuary, Bailey, Ice Cave and Volcano.

You collected 1793 gold pieces.
You spent 932 gold pieces at shops.

Inventory:

Hand Weapons
 O - the +6 battleaxe of Xapra (weapon) {freeze, *Corrode +Fly Int+5 Dex+4}
   (You found it on level 8 of the Dungeon)

   It has been specially enchanted to freeze those struck by it, causing extra
   injury to most foes and up to half again as much damage against particularly
   susceptible opponents.
   It can also slow down cold-blooded creatures.
   It affects your intelligence (+5).
   It affects your dexterity (+4).
   It lets you fly.
   It may corrode you when you take damage.
 S - a +6 antimagic broad axe
 T - a +0 hand axe of flaming
Missiles
 k - 8 atropa-tipped darts (quivered)
 l - 13 javelins
 n - a boomerang of dispersal
Armour
 v - a +1 tower shield
 x - a +2 helmet (worn)
 A - the +4 pair of gloves of the Monk (worn) {rF+ Int+3}
   (You bought it in a shop on level 6 of the Dungeon)

   It affects your intelligence (+3).
   It protects you from fire.
 B - a +2 pair of boots (worn)
 H - the +3 chain mail of the Ditch-Digger (worn) {Harm Dex+2}
   (You bought it in a shop on level 9 of the Dungeon)

   It affects your dexterity (+2).
   It increases damage dealt and taken.
 L - a +0 kite shield of cold resistance
 N - a +2 cloak of cold resistance (worn)
Jewellery
 a - the ring "Anozoam" (right hand) {+Fly rN+}
   (You found it on level 3 of the Lair of Beasts)

   [ring of flight]

   It protects you from negative energy.
   It lets you fly.
 b - an uncursed ring of positive energy
 q - an amulet of reflection (around neck)
 t - a ring of see invisible (left hand)
 X - the amulet "Nuceg" {RegenMP +Inv Int+6 Dex-4}
   (You found it on level 3 of the Lair of Beasts)

   [amulet of magic regeneration]

   It increases your magic regeneration.
   It affects your intelligence (+6).
   It affects your dexterity (-4).
   It lets you turn invisible.
Wands
 y - a wand of random effects (20)
 F - a wand of disintegration (16)
 K - a wand of polymorph (8)
 M - a wand of flame (29)
 R - a wand of acid (13)
 W - a wand of digging (7)
Scrolls
 e - 2 scrolls of immolation
 g - 3 scrolls of blinking
 i - 9 scrolls of teleportation
 o - 2 scrolls of fear
 r - 10 scrolls of remove curse
 s - 2 scrolls of enchant armour
 u - 7 scrolls of noise
 w - a scroll of brand weapon {unknown}
 E - a scroll of magic mapping
 G - 3 scrolls of fog
 Q - a scroll of acquirement
Potions
 c - 5 potions of mutation
 d - 6 potions of lignification
 f - a potion of invisibility
 h - 3 potions of berserk rage
 j - a potion of cancellation
 m - 14 potions of curing
 p - 2 potions of resistance
 z - 4 potions of haste
 C - 5 potions of magic
 D - 3 potions of might
 J - a potion of flight


   Skills:
 * Level 9.6 Fighting
 * Level 15.6 Axes
 * Level 8.1 Armour
 * Level 7.2 Dodging
 * Level 7.3 Stealth
 + Level 7.2 Shields
 + Level 0.1 Evocations


You had 13 spell levels left.
You didn't know any spells.
Your spell library contained the following spells:

 Spells                   Type           Power        Failure   Level
 Corona                   Hex            0%           69%         1
 Shock                    Conj/Air       0%           69%         1
 Summon Small Mammal      Summ           0%           69%         1
 Call Imp                 Summ           0%           83%         2
 Ensorcelled Hibernation  Hex/Ice        0%           83%         2
 Swiftness                Air            0%           83%         2
 Call Canine Familiar     Summ           0%           96%         3
 Confusing Touch          Hex            0%           96%         3
 Dazzling Flash           Conj/Hex       0%           96%         3
 Static Discharge         Conj/Air       0%           96%         3
 Summon Guardian Golem    Hex/Summ       0%           96%         3
 Tukima's Dance           Hex            0%           96%         3
 Airstrike                Air            0%           100%        4
 Animate Dead             Necr           0%           100%        4
 Summon Ice Beast         Ice/Summ       0%           100%        4
 Summon Lightning Spire   Summ/Air       0%           100%        4
 Bolt of Magma            Conj/Fire/Erth 0%           100%        5
 Borgnjor's Vile Clutch   Necr/Erth      0%           100%        5
 Iskenderun's Battlesphe  Conj           0%           100%        5
 Lightning Bolt           Conj/Air       0%           100%        5
 Death Channel            Necr           0%           100%        6
 Iron Shot                Conj/Erth      0%           100%        6
 Simulacrum               Ice/Necr       0%           100%        6
 Orb of Destruction       Conj           0%           100%        7
 Spellforged Servitor     Conj/Summ      0%           100%        7


Dungeon Overview and Level Annotations

Branches:
Dungeon (10/15)            Temple (1/1) D:7            Lair (6/6) D:9
 Shoals (0/4) Lair:4       Spider (0/4) Lair:2        Slime (0/5) Lair:6
    Orc (1/2) D:10        Ossuary (visited)          Bailey (visited)
  IceCv (visited)         Volcano (visited)

Altars:
Ashenzari
Cheibriados
Dithmenos
Elyvilon
Fedhas
Gozag
Hepliaklqana
Kikubaaqudgha
Makhleb
Nemelex Xobeh
Okawaru
Qazlal
Ru
Sif Muna
Trog
Uskayaw
Vehumet
Wu Jian
Xom
Yredelemnul
Zin
The Shining One

Shops:
D:4 =   D:6 [!:*[   D:9 [   D:10 [

Portals:
Trove: D:10 (give 2 scrolls of acquirement)


Innate Abilities, Weirdness & Mutations

You have razor-sharp teeth.
You heal very quickly.
When hurt, damage is shared between your health and your magic reserves.
Your bite disrupts and absorbs the magic of your enemies.
Potions cannot restore your health.
Your skin changes colour to match your surroundings (Stealth+).
You are strong-willed. (Will+)
Your movements are slightly less encumbered by armour. (ER -2)


Message History

Your bite misses the dream sheep.
The dream sheep is lightly wounded.
You completely miss the fungus.
The dream sheep ruffles its wool and motes of dream dust sparkle, to no effect.
You hit the dream sheep. You freeze the dream sheep.
Your bite misses the dream sheep.
The dream sheep is heavily wounded.
You slice the fungus!! You freeze the fungus!
You hear a bleat!
A nearby fungus withers and dies.
The dream sheep bites you but does no damage.
You slash the dream sheep! You freeze the dream sheep.
You kill the dream sheep!
Trog accepts your kill.
A dream sheep comes into view.
The dream sheep bleats!
The dream sheep shake their wool and sparkle.
You feel drowsy...
You fall asleep.
The dream sheep bites you!!
You die... .......................## ......##P..............##. #...P... ..............# ## #....P.# #.P..... .##.. # #.YPP

......# ### ## #....
#....##### ##. ##.Y.
##.....#P.# #.. #....###
#.........# ##..
##.....####@......... #...
#...†..##YY........... ##..
##..#......P..........###...
.#...#.....#...........###..
#.......P##....(........#...
#........##..............#..
#.##.....##...............#..
# #.....##..............P.#.
#.....##P...............#.


You could see 2 dream sheep.

Vanquished Creatures
  A frost giant (IceCv)
  The ghost of brucemayne the Severer, a journeyman HOMo of Makhleb (Lair:3)
  Josephine (D:10)
  8 hydras
  3 death yaks
  2 two-headed ogres (Orc:1)
  Urug (Orc:1)
  Nergalle (Orc:1)
  A sun demon (Volcano)
  An orc knight (Orc:1)
  A lindwurm (Lair:4)
  An orc sorcerer (Volcano)
  2 ugly things (Volcano)
  2 moths of wrath (Lair:3)
  Joseph (D:10)
  11 black mambas
  2 ice statues (IceCv)
  7 cane toads
  5 rime drakes
  8 komodo dragons
  A jumping spider (Lair:2)
  2 trolls (Orc:1)
  16 polar bears
  5 dream sheep
  14 blink frogs
  6 spriggans (Lair:5)
  40 yaks
  A wyvern (Lair:2)
  11 fire bats (Volcano)
  3 basilisks
  3 wraiths (D:10)
  3 steam dragons
  Menkaure (D:4)
  4 wargs
  A hell hound (Volcano)
  12 water moccasins
  3 black bears
  A necrophage (D:7)
  14 orc warriors
  2 phantoms
  4 ice beasts
  3 sky beasts
  11 ogres
  17 wolves
  5 centaurs
  5 big kobolds
  17 bullfrogs
  3 elf zombies (Ossuary)
  A water moccasin skeleton (D:6)
  2 scorpions
  13 killer bees
  2 howler monkeys
  4 wights (D:10)
  7 electric eels
  8 lava snakes (Volcano)
  3 centaur zombies
  3 quasits
  4 hounds
  A jelly (D:6)
  12 orc priests
  2 bullfrog skeletons
  A human zombie (Ossuary)
  A centaur skeleton (D:8)
  12 orc wizards
  4 iguanas
  7 hell rats
  9 worker ants
  3 hound zombies
  2 mummies (Ossuary)
  2 howler monkey zombies
  2 worker ant zombies
  27 gnolls
  9 river rats (Lair:6)
  7 adders
  A shadow imp (D:5)
  A white imp (D:5)
  2 ufetubi
  An ooze (D:2)
  An adder skeleton (D:8)
  An adder zombie (D:8)
  4 worms
  A dart slug (D:1)
  6 leopard geckos
  62 orcs
  7 giant cockroaches
  6 goblins
  16 hobgoblins
  10 jackals
  3 quokkas
  4 bats
  4 frilled lizards
  2 goblin zombies (Ossuary)
  8 hobgoblin zombies (Ossuary)
  A jackal skeleton (D:4)
  A jackal zombie (Ossuary)
  25 kobolds
  13 kobold zombies (Ossuary)
  2 leopard gecko zombies
  7 orc zombies (Ossuary)
  7 rats
  2 bushes (D:9)
614 creatures vanquished.

Vanquished Creatures (others)
  A kobold (D:10)
  33 fungi
  62 plants
96 creatures vanquished.

Grand Total: 710 creatures vanquished

Notes
Turn   | Place    | Note
-------+----------+-------------------------------------------
     0 | D:1      | Allula97 the Vine Stalker Berserker began the quest for the
                  | Orb.
     0 | D:1      | Reached XP level 1. HP: 11/11 MP: 2/2
   198 | D:1      | Reached XP level 2. HP: 16/16 MP: 3/3
   543 | D:1      | Reached skill level 1 in Stealth
   782 | D:2      | Reached XP level 3. HP: 18/19 MP: 4/4
   853 | D:2      | Reached ** piety under Trog
   877 | D:2      | Reached skill level 3 in Axes
  1410 | D:2      | Gained mutation: Your natural rate of healing is unusually
                  | fast. [Vine Stalker growth]
  1410 | D:2      | Reached XP level 4. HP: 17/24 MP: 2/5
  2331 | D:3      | Reached XP level 5. HP: 28/28 MP: 6/6
  2808 | D:4      | Noticed an ogre
  2815 | D:4      | Killed an ogre
  2816 | D:4      | Reached XP level 6. HP: 25/32 MP: 4/7
  2817 | D:4      | Reached skill level 1 in Shields
  2893 | D:4      | Reached skill level 4 in Axes
  2907 | D:4      | Found a sand-covered staircase.
  2973 | Ossuary  | Entered an ossuary
  2985 | Ossuary  | Reached *** piety under Trog
  3089 | Ossuary  | Reached XP level 7. HP: 37/37 MP: 8/8
  3116 | Ossuary  | Reached **** piety under Trog
  3276 | D:4      | Reached skill level 5 in Axes
  3661 | D:4      | Found Koem's Jewellery Shoppe.
  3701 | D:4      | Noticed Menkaure
  3708 | D:4      | Killed Menkaure
  3709 | D:4      | Gained mutation: You have razor-sharp teeth. [Vine Stalker
                  | growth]
  3709 | D:4      | Reached XP level 8. HP: 27/42 MP: 4/9
  3731 | D:4      | Bought an uncursed ring of see invisible for 150 gold
                  | pieces
  3792 | D:5      | Entered Level 5 of the Dungeon
  3813 | D:5      | Reached skill level 6 in Axes
  4705 | D:6      | Reached XP level 9. HP: 46/46 MP: 10/10
  4736 | D:6      | Found Toujitap's General Store.
  4775 | D:6      | Bought a scroll of identify for 24 gold pieces
  4804 | D:6      | Found Uphyreaj's Distillery.
  4859 | D:6      | Found Onaos's Book Boutique.
  4910 | D:6      | Reached skill level 7 in Axes
  4948 | D:6      | Found Cemoi's Armour Emporium.
  5129 | D:6      | Found Kukila's Armour Shop.
  5198 | D:6      | Reached skill level 5 in Shields
  5247 | D:7      | You fall into a shaft and drop 1 floor!
  5311 | D:8      | Reached ***** piety under Trog
  5594 | D:8      | Got a masterwork battleaxe
  5594 | D:8      | Identified the +6 battleaxe of Xapra {freeze, *Corrode +Fly
                  | Int+5 Dex+4} (You found it on level 8 of the Dungeon)
  5596 | D:8      | Reached skill level 5 in Fighting
  5613 | D:8      | Reached XP level 10. HP: 51/51 MP: 8/11
  5849 | D:7      | Reached skill level 8 in Axes
  5931 | D:7      | Reached skill level 5 in Armour
  6027 | D:7      | Found a sacrificial altar of Ru.
  6205 | D:7      | Found a staircase to the Ecumenical Temple.
  6215 | Temple   | Entered the Ecumenical Temple
  6708 | D:9      | Found a stormy altar of Qazlal.
  6724 | D:9      | Found a blossoming altar of Fedhas.
  6824 | D:9      | Received a gift from Trog
  7043 | D:9      | Reached skill level 9 in Axes
  7061 | D:9      | Found a sacrificial altar of Ru.
  7062 | D:9      | Found a snail-covered altar of Cheibriados.
  7113 | D:9      | Found a staircase to the Lair.
  7185 | D:9      | Found a sparkling altar of Nemelex Xobeh.
  7344 | D:9      | Found Leifauneng's Antique Armour Emporium.
  7347 | D:9      | Bought a spiked chain mail for 266 gold pieces
  7357 | D:9      | Identified the +3 chain mail of the Ditch-Digger {Harm
                  | Dex+2} (You bought it in a shop on level 9 of the Dungeon)
  7899 | D:10     | Entered Level 10 of the Dungeon
  7899 | D:10     | Found a staircase to the Orcish Mines.
  7909 | D:10     | Reached XP level 11. HP: 56/56 MP: 12/12
  7927 | D:10     | Noticed Joseph
  7938 | D:10     | Reached skill level 10 in Axes
  7945 | D:10     | Killed Joseph
  7949 | D:10     | Reached skill level 5 in Dodging
  7998 | D:10     | Noticed Josephine
  8005 | D:10     | Killed Josephine
  8042 | D:10     | Found a broken altar of Ashenzari.
  8049 | D:10     | Found Ygudei Esoups's Armour Boutique.
  8094 | D:10     | Found a portal to a secret trove of treasure.
  8141 | D:10     | Found a flagged portal.
  8169 | Bailey   | Entered a bailey
  8356 | Bailey   | Received a gift from Trog
  8566 | D:10     | Identified a scroll of acquirement
  8705 | D:10     | Reached skill level 11 in Axes
  8733 | D:10     | Noticed a three-headed hydra
  8737 | D:10     | Killed a five-headed hydra
  9049 | Orc:1    | Entered Level 1 of the Orcish Mines
  9049 | Orc:1    | Noticed a two-headed ogre
  9055 | Orc:1    | Killed a two-headed ogre
  9056 | Orc:1    | Noticed an orc knight
  9067 | Orc:1    | Killed an orc knight
  9068 | Orc:1    | Gained mutation: You heal very quickly. [Vine Stalker
                  | growth]
  9068 | Orc:1    | Reached XP level 12. HP: 33/62 MP: 5/13
  9080 | Orc:1    | Noticed Nergalle
  9086 | Orc:1    | Killed Nergalle
  9087 | Orc:1    | Reached skill level 12 in Axes
  9108 | Orc:1    | Noticed Urug
  9119 | Orc:1    | Killed Urug
  9327 | Orc:1    | Found a bloodstained altar of Trog.
  9474 | Orc:1    | Noticed a two-headed ogre
  9480 | Orc:1    | Received a gift from Trog
  9483 | Orc:1    | Killed a two-headed ogre
  9671 | D:6      | Bought the +4 pair of gloves of the Monk {rF+ Int+3} for
                  | 492 gold pieces
  9772 | Lair:1   | Entered Level 1 of the Lair of Beasts
  9824 | Lair:1   | Found a frozen archway.
  9834 | IceCv    | Entered an ice cave
  9837 | IceCv    | Reached ****** piety under Trog
  9867 | IceCv    | Reached skill level 13 in Axes
  9933 | IceCv    | Gained mutation: You are strong-willed. (Will+) [potion of
                  | mutation]
  9933 | IceCv    | Gained mutation: Your movements are slightly less
                  | encumbered by armour. (ER -2) [potion of mutation]
  9933 | IceCv    | Gained mutation: Your skin changes colour to match your
                  | surroundings (Stealth+). [potion of mutation]
 10029 | IceCv    | HP: 3/63 [ice statue/bolt of cold (13)]
 10131 | IceCv    | Noticed a frost giant
 10137 | IceCv    | Reached XP level 13. HP: 68/68 MP: 12/14
 10144 | IceCv    | Killed a frost giant
 10816 | Lair:1   | Received a gift from Trog
 10896 | Lair:1   | Reached skill level 14 in Axes
 11571 | Lair:2   | Found a hole to the Spider Nest.
 12216 | Lair:3   | Found a dark tunnel.
 12221 | Volcano  | Entered a volcano
 12299 | Volcano  | Reached skill level 5 in Stealth
 12393 | Volcano  | Found a burning altar of Makhleb.
 12485 | Lair:3   | Reached XP level 14. HP: 74/74 MP: 15/15
 12634 | Lair:3   | Found a transporter.
 12689 | Lair:3   | Found a transporter.
 12693 | Lair:3   | Noticed brucemayne's ghost (journeyman HOMo)
 12698 | Lair:3   | Received a gift from Trog
 12703 | Lair:3   | Killed brucemayne's ghost
 12713 | Lair:3   | Got a heavily runed platinum amulet
 12747 | Lair:3   | Identified the amulet "Nuceg" {RegenMP +Inv Int+6 Dex-4}
                  | (You found it on level 3 of the Lair of Beasts)
 12845 | Lair:3   | Got a glittering jade ring
 12849 | Lair:3   | Identified the ring "Anozoam" {+Fly rN+} (You found it on
                  | level 3 of the Lair of Beasts)
 12862 | Lair:3   | Reached skill level 15 in Axes
 13430 | Lair:4   | Found a staircase to the Shoals.
 14743 | Lair:6   | Entered Level 6 of the Lair of Beasts
 14861 | Lair:6   | Found a staircase to the Slime Pits.
 14935 | Lair:6   | HP: 1/76 [komodo dragon (72)]
 14956 | Lair:6   | Slain by a dream sheep

Illustrated notes

Levels and vault maps discovered:
D:1:      co_arrival_random_square_maze, layout_loops_cross, minmay_pentomino_x4
D:2:      layout_basic, serial_bayou_pond_d
D:3:      layout_basic, minivault_19
D:4:      layout_loops_cross, serial_shops, nicolae_shop_waterfront,
          nicolae_ossuary_entry_false_entrances, uniq_menkaure
D:5:      minmay_evil_eye, layout_basic
D:6:      cheibrodos_steamvent, layout_basic, serial_shops,
          nicolae_shop_waterfront, nicolae_shop_statue_plus,
          nicolae_shop_waterfront, nicolae_shop_trees, nicolae_shop_waterfront
D:7:      layout_rooms, minmay_temple_entry_hall, chequers_decorated_corner,
          nicolae_ru_the_path_less_chosen
D:8:      layout_rooms
D:9:      layout_basic, grunt_temple_overflow_forces_of_nature,
          gammafunk_temple_overflow_pools, overflow_temple_1_default,
          erik_lair_orcish_takeover, serial_shops, nicolae_shop_behind_doors,
          serial_corexii_hall, corexii_hall_statues_u,
          chequers_hall_statues_wall_a, special_room [special_room_orc]
D:10:     layout_cave_pools, orc_0_dummy, basic_altar, serial_shops,
          nicolae_shop_crystal, nicolae_trove_entry_crystal, enter_bailey_2,
          st_stairs_6, hangedman_ranch [blue_anna_fruit_fields], uniq_josephine,
          uniq_joseph
Temple:   minmay_temple_bridge_d
Lair:1:   layout_chaotic_city, portal_ice_cave_rime, grunt_megastairs_1,
          serial_bayou_shore_a
Lair:2:   layout_roguey, spider_nest_entry_rubble, st_stairs_4,
          grunt_megastairs_3, infiniplex_staircase_pool_2, lemuel_fruit_tree
Lair:3:   layout_hall_layers, nicolae_volcano_entry_s_turn,
          gammafunk_ghost_berserking_beasts
Lair:4:   layout_regular_city, elwin_shoals_entry_rocks, beast_lair_carwin_8
Lair:5:   layout_long_grid, wad_woods_01, grunt_megastairs_5,
          infiniplex_staircase_pool
Lair:6:   due_jungle_book, layout_cave_pods, slime_dummy, kennysheep_rathole
Orc:1:    layout_diamond_mine, trog_butcher_becter, uniq_nergalle, uniq_urug

Skill      XL: |  1  2  3  4  5  6  7  8  9 10 11 12 13 14 |
---------------+-------------------------------------------+-----
Stealth        | 1 2 3 5 7 |  7.3
Fighting       | 3 4 5 6 7 8 9 |  9.6
Armour         | 2 3 4 5 6 7 8 |  8.1
Dodging        | 2 3 4 5 6 7 |  7.2
Axes           | 3 4 5 6 7 9 11 13 14 15 | 15.6
Shields        | 1 2 4 6 7 |  7.2
Evocations     | |  0.1

Action                   |  1- 3 |  4- 6 |  7- 9 | 10-12 | 13-15 || total
-------------------------+-------+-------+-------+-------+-------++-------
Melee: Hand axe          |    92 |   133 |   337 |       |       ||   562
       Bite              |    27 |    42 |   139 |   177 |   141 ||   526
       Battleaxe         |       |       |     6 |   425 |   349 ||   780
Throw: Dart              |       |       |       |     1 |       ||     1
Invok: Berserk           |     2 |     4 |     7 |    14 |     6 ||    33
       Trog's Hand       |       |       |       |     6 |       ||     6
 Abil: Evoke Flight      |       |       |       |     1 |     2 ||     3
  Use: Scroll            |       |       |    11 |    22 |     2 ||    35
       Potion            |       |       |       |     2 |     4 ||     6
 Stab: Sleeping          |       |       |       |       |    11 ||    11
Armor: Ring mail         |     7 |       |       |       |       ||     7
       Chain mail        |    21 |    42 |   115 |   258 |   181 ||   617
Dodge: Dodged            |    54 |    10 |    43 |   268 |   207 ||   582
Block: Other             |     3 |     1 |     6 |   107 |    81 ||   198
       Tower shield      |       |   102 |   332 |       |       ||   434
       Reflection        |       |     1 |     8 |    16 |       ||    25
